 Dungeon Crawl Stone Soup version 0.31-a0-1338-gb567cfdca4 (webtiles) character file.

Game seed: 9508868591987416135

469410 soberseth the Slayer (level 23, -60/232 HPs)
             Began as a Minotaur Fighter on Dec 22, 2023.
             Was a High Priest of Okawaru.
             Killed from afar by an orb of fire (81 damage)
             ... with a fireball
             ... on level 2 of the Realm of Zot on Dec 23, 2023.
             The game lasted 03:12:53 (52205 turns).

soberseth the Slayer (Minotaur Fighter)            Turns: 52205, Time: 03:12:54

Health: -60/232    AC: 48    Str: 23    XL:     23   Next: 21%
Magic:  0/31       EV:  8    Int:  5    God:    Okawaru [*****.]
Gold:   4093       SH: 30    Dex: 15    Spells: 22/22 levels left

rFire   . . .        Y - +12 broad axe of Dacitolo {flame, rElec Str-4 Dex+3 SInv}
rCold   + . .        B - +1 tower shield
rNeg    . . .        S - +6 crystal plate armour
rPois   +            (helmet restricted)
rElec   +            G - +0 cloak {Will+}
rCorr   .            y - +1 pair of gloves
SInv    +            w - +1 pair of boots {rampage}
Will    +++++        v - amulet "Toiwnaav" {Reflect rPois Str-2 Int-2 Dex+6 SH+5} Stlth
                     r - ring of Hetidwyr {Ice Fly rPois Will+++ Dex-5}
HPRegen 0.58/turn    T - ring "Ilismoar" {rPois rF+ Will++ AC+4}
MPRegen 0.22/turn

%: reflection, rampage
@: about to teleport, flying
A: horns 2, retaliatory headbutt, no potion heal 1
}: 3/15 runes: decaying, silver, gossamer
a: Renounce Religion, Heroism, Finesse, Duel


You were on level 2 of the Realm of Zot.
You worshipped Okawaru.
Okawaru was extremely pleased with you.
You visited 9 branches of the dungeon, and saw 42 of its levels.

You collected 4835 gold pieces.
You spent 742 gold pieces at shops.

Inventory:

Hand Weapons
 Y - the +12 broad axe of Dacitolo (weapon) {flame, rElec Str-4 Dex+3 SInv}
   (Okawaru gifted it to you on level 12 of the Dungeon)

   Str-4:     It affects your strength (-4).
   Dex+3:     It affects your dexterity (+3).
   rElec:     It insulates you from electricity.
   SInv:      It lets you see invisible.
Missiles
 p - 9 curare-tipped darts
 A - 18 javelins (quivered)
 H - 21 silver javelins
Armour
 w - a +1 pair of boots of rampaging (worn)
 y - a +1 pair of gloves (worn)
 B - a +1 tower shield (worn)
 G - a +0 cloak of willpower (worn)
 S - a +6 crystal plate armour (worn)
 X - +1 gold dragon scales
Jewellery
 b - a ring of fire
 d - an amulet of guardian spirit
 k - the ring "Ciedowko" {rElec rC++ MP+9 Int-5 SInv}
   (You acquired it on level 2 of the Swamp)

   [ring of magical power]

   Int-5:     It affects your intelligence (-5).
   rC++:      It greatly protects you from cold.
   rElec:     It insulates you from electricity.
   MP+9:      It affects your magic capacity (+9).
   SInv:      It lets you see invisible.
 r - the ring of Hetidwyr (left hand) {Ice Fly rPois Will+++ Dex-5}
   (You found it on level 5 of the Vaults)

   [ring of ice]

   Ice:       It enhances your ice magic.
   Dex-5:     It affects your dexterity (-5).
   rF-:       It makes you vulnerable to fire.
   rC+:       It protects you from cold.
   rPois:     It protects you from poison Will+++: It greatly increases your
   willpower.
   Fly:       It grants you flight.
 s - a ring of positive energy
 v - the amulet "Toiwnaav" (around neck) {Reflect rPois Str-2 Int-2 Dex+6 SH+5}
   (You acquired it on level 10 of the Dungeon)

   [amulet of reflection]

   Reflect:   It reflects blocked missile attacks.
   Str-2:     It affects your strength (-2).
   Int-2:     It affects your intelligence (-2).
   Dex+6:     It affects your dexterity (+6).
   rPois:     It protects you from poison SH+5: It affects your SH (+5).
 J - a +5 ring of evasion
 M - a +4 ring of protection
 O - a ring of see invisible
 T - the ring "Ilismoar" (right hand) {rPois rF+ Will++ AC+4}
   (You found it on level 3 of the Depths)

   [ring of protection]

   AC+4:      It affects your AC (+4).
   rF+:       It protects you from fire.
   rPois:     It protects you from poison Will++: It greatly increases your
   willpower.
 V - a ring of ice
Wands
 g - a wand of flame (89)
 x - a wand of mindburst (38)
 z - a wand of paralysis (32)
 E - a wand of digging (13)
 K - a wand of acid (40)
 N - a wand of polymorph (30)
 U - a wand of iceblast (33)
Scrolls
 a - a scroll of silence
 f - 8 scrolls of revelation
 i - 13 scrolls of identify
 j - 4 scrolls of fog
 o - 17 scrolls of teleportation
 q - 7 scrolls of immolation
 t - 2 scrolls of poison
 u - a scroll of torment
 F - a scroll of brand weapon
 P - 4 scrolls of enchant weapon
 Q - 3 scrolls of fear
 R - 2 scrolls of blinking
 W - 4 scrolls of amnesia
Potions
 c - 2 potions of berserk rage
 e - 3 potions of resistance
 h - 12 potions of haste
 l - 5 potions of attraction
 m - 5 potions of cancellation
 n - 9 potions of curing
 C - 4 potions of invisibility
 D - 7 potions of lignification
 I - 9 potions of ambrosia
 L - 4 potions of enlightenment
 Z - 2 potions of magic


   Skills:
 + Level 24.9 Fighting
 + Level 19.7 Axes
 - Level 10.0 Throwing
 + Level 24.7 Armour
 - Level 5.0 Dodging
 + Level 24.7 Shields
 - Level 12.0 Invocations


You had 22 spell levels left.
You didn't know any spells.
Your spell library contained the following spells:

 Spells                   Type           Power      Damage    Failure   Level
 Kiss of Death            Conj/Necr      0%         2d5       100%        1
 Slow                     Hex            0%         N/A       100%        1
 Blink                    Tloc           0%         N/A       100%        2
 Cigotuvi's Dreadful Rot  Necr/Alch/Air  0%         N/A       100%        2
 Lesser Beckoning         Tloc           0%         N/A       100%        2
 Momentum Strike          Conj/Tloc      0%         3d8       100%        2
 Sublimation of Blood     Necr           0%         N/A       100%        2
 Confusing Touch          Hex            0%         N/A       100%        3
 Dazzling Flash           Conj/Hex       0%         N/A       100%        3
 Frozen Ramparts          Ice            0%         1d1       100%        3
 Gell's Gravitas          Tloc           0%         N/A       100%        3
 Inner Flame              Hex/Fire       0%         N/A       100%        3
 Ozocubu's Armour         Ice            0%         N/A       100%        3
 Sigil of Binding         Hex            0%         N/A       100%        3
 Teleport Other           Tloc           0%         N/A       100%        3
 Vampiric Draining        Necr           0%         2d6       100%        3
 Volatile Blastmotes      Fire/Tloc      0%         2d10      100%        3
 Dispel Undead            Necr           0%         3d6       100%        4
 Flame Wave               Conj/Fire      0%         2d4       100%        4
 Ignite Poison            Fire/Alch      0%         N/A       100%        4
 Iskenderun's Mystic Bla  Conj/Tloc      0%         2d3       100%        4
 Passage of Golubria      Tloc           0%         N/A       100%        4
 Petrify                  Alch/Erth      0%         N/A       100%        4
 Sticky Flame             Fire/Alch      0%         2d4       100%        4
 Vhi's Electric Charge    Tloc/Air       0%         N/A       100%        4
 Arcjolt                  Conj/Air       0%         1d10      100%        5
 Freezing Cloud           Conj/Ice/Air   0%         6-21      100%        5
 Irradiate                Conj/Alch      0%         3d11      100%        5
 Dispersal                Tloc           0%         N/A       100%        6
 Plasma Beam              Fire/Air       0%         2x1d10    100%        6
 Starburst                Conj/Fire      0%         6d3       100%        6
 Ignition                 Fire           0%         3d3       100%        8
 Maxwell's Capacitive Co  Air            0%         ∞         100%        8
 Fire Storm               Conj/Fire      0%         5d1       100%        9
 Death Channel            Necr           Unusable   N/A       N/A         6
 Simulacrum               Ice/Necr       Unusable   N/A       N/A         6

Dungeon Overview and Level Annotations

Branches:
Dungeon (15/15)            Temple (1/1) D:7            Lair (4/5) D:10
  Swamp (4/4) Lair:3       Spider (4/4) Lair:3          Orc (2/2) D:12
    Elf (0/3) Orc:2        Vaults (5/5) D:13          Crypt (0/3) Vaults:2
 Depths (4/4) D:15            Zot (3/5) Depths:4
  Slime: Lair:4-5

Altars:
Ashenzari
Cheibriados
Dithmenos
Elyvilon
Fedhas
Gozag
Hepliaklqana
Kikubaaqudgha
Makhleb
Nemelex Xobeh
Okawaru
Qazlal
Ru
Sif Muna
Trog
Uskayaw
Vehumet
Wu Jian
Xom
Yredelemnul
Zin
The Shining One

Shops:
D:5 *   D:7 :[((   D:15 (   Orc:2 ([*=   Vaults:1 (   Vaults:2 ([   Vaults:4 *

Portals:
Hell: Depths:1 Depths:2 Depths:3 Depths:4
Abyss: Depths:2 Depths:3
Pandemonium: Depths:3
Ziggurat: Depths:3

Annotations:
D:12 2 runed translucent doors, Pinaterr's ghost, novice MiFi
Lair:3 exclusion: oklob plant
Zot:1 2 transporters, Covvyleb's ghost, veteran DrIE
Zot:2 8 runed translucent doors


Innate Abilities, Weirdness & Mutations

You have a pair of horns on your head.
You reflexively headbutt those who attack you in melee.
Potions are less effective at restoring your health.


Message History

You are engulfed in a cloud of scalding steam.
The ghost moth stares at you.
You hit the orb of fire.
The orb of fire is lightly damaged.
You are engulfed in a cloud of scalding steam.
You closely miss the orb of fire.
The orb of fire is lightly damaged.
You are engulfed in a cloud of scalding steam.
You carve the orb of fire like a ham!!! You headbutt the orb of fire.
The orb of fire is heavily damaged.
The orb of fire glows deep purple.
The bolt of fire hits you!!!
* * * LOW HITPOINT WARNING * * *
The ghost moth stares at you.
You feel your power leaking away.
You hit the orb of fire but do no damage.
Your headbutt misses the orb of fire.
The orb of fire is heavily damaged.
The orb of fire glows yellow.
Strange energies course through your body.
Your system partially rejects the healing effects of potions.
The ghost moth stares at you.
You miss the orb of fire.
The orb of fire is heavily damaged.
As you read the scroll of teleportation, it crumbles to dust.
You feel strangely unstable.
You feel the Orb delaying your translocation!
The orb of fire emits a lurid red light.
The fireball explodes!
The fireball engulfs you!!!
* * * LOW HITPOINT WARNING * * *
The fireball engulfs the orb of fire.
The orb of fire completely resists.
The ghost moth stares at you.
You closely miss the orb of fire. Your headbutt misses the orb of fire.
The orb of fire is heavily damaged.
The ghost moth stares at you.
You completely miss the orb of fire.
The orb of fire is heavily damaged.
The orb of fire glows red.
The fireball explodes!
The fireball engulfs you!!!!
You die...

......# ...# ...#### .?...
...# .....########.# ...#
...⌠.........*# ##.## #.*#
#..## ####### ##.###
#...### #.....# #...#
##..)##.###'#'######*..###
#.....#≈..≈...≈.@*#......#
#.##.#)............#.###.#
#.###.≈.....#.....§.## #.#
#.##§..#....>....#..≈# #.#
..##.§.....#...8>....# #.#
.###....#...^^.......# #.#
.#.#≈...?.#++##.....≈#.#.#
.#.'...)..#yyy+^♣....'.#.#
.#.#..#...+._.+^.>#§.#.#.#


You could see an orb of fire, a ghost moth (invisible) and 2 moths of wrath.

Vanquished Creatures
  2 dread liches (Vaults:5)
  An ancient lich (Vaults:5)
  Mara (Depths:1)
  Xtahua (Arena)
  Sojobo (Depths:1)
  Bai Suzhen (Vaults:2)
  5 Killer Klowns (Zot:2)
  A curse toe (Zot:1)
  3 caustic shrikes (Depths:4)
  Arachne (Spider:3)
  Norris (Depths:1)
  A bone dragon (Depths:4)
  8 golden dragons
  2 electric golems (Zot:1)
  Rupert (Lair:3)
  6 tentacled monstrosities
  2 quicksilver dragons (Vaults:5)
  6 titans (Vaults:5)
  3 liches
  Asterion (Vaults:2)
  5 sphinxes
  2 thorn hunters
  A death cob (Zot:1)
  3 tengu reavers (Depths:1)
  Kirke (Swamp:1)
  10 shadow dragons
  3 storm dragons
  Aizul (Lair:3)
  3 protean progenitors (Zot:2)
  2 draconian knights
  2 draconian monks
  7 emperor scorpions
  3 draconian shifters
  2 iron dragons (Vaults:5)
  11 frost giants
  7 fire giants
  A deep elf sorcerer (Vaults:5)
  11 vault wardens
  2 spectral caustic shrikes (Depths:3)
  4 ghost moths
  A curse skull (Vaults:2)
  A draconian stormcaller (Depths:4)
  14 ironbound preservers
  3 orc warlords
  2 spriggan defenders (Depths:4)
  3 draconian annihilators
  14 very ugly things
  2 formless jellyfish
  12 stone giants
  3 war gargoyles
  5 broodmothers
  2 quicksilver oozes (Zot:2)
  3 green draconians
  9 ironbound thunderhulks
  2 vampire knights
  A deep elf death mage (Vaults:5)
  3 eleionomae
  8 black draconians
  3 purple draconians
  A deep elf annihilator (Vaults:5)
  5 red draconians
  Azrael (Spider:2)
  5 yellow draconians
  3 bunyips
  6 dire elephants
  4 spark wasps
  4 white draconians
  3 crystal guardians
  Josephine (Lair:3)
  13 ettins
  6 entropy weavers
  10 fire dragons
  A shambling mangrove (Swamp:3)
  An entropy weaver (shapeshifter) (D:15)
  6 great orbs of eyes
  A deep elf high priest (Vaults:5)
  9 yaktaur captains
  32 vault guards
  11 ice dragons
  2 ghost crabs
  3 rakshasas
  An ogre mage (Vaults:5)
  3 spriggan air magi
  18 hydras
  3 centaur warriors
  6 radroaches
  2 death knights
  3 jorogumos
  3 peacekeepers
  8 alligators
  4 two-headed ogres
  7 ironbound frosthearts
  7 deep troll shamans
  8 boulder beetles
  A dancing weapon (Vaults:5)
  2 anacondas (Zot:2)
  A two-headed ogre (shapeshifter) (Vaults:5)
  2 demonic crawlers (Spider:4)
  5 tengu warriors
  6 death yaks (Lair:4)
  4 orc high priests
  9 deep troll earth magi
  3 spriggan berserkers
  2 soul eaters
  A vampire mage (Depths:1)
  7 skeletal warriors
  3 skysharks
  12 iron trolls
  5 pharaoh ants
  4 goliath frogs
  2 spriggan druids (Swamp:2)
  A sun moth (Spider:4)
  45 deep trolls
  A tengu zombie (Vaults:1)
  4 glowing orange brains
  13 swamp dragons
  9 orb spiders
  9 bog bodies
  15 ironbound convokers
  12 lindwurms
  A swamp dragon (shapeshifter) (Vaults:4)
  5 arcanists
  9 harpies
  3 deep elf zephyrmancers (Vaults:5)
  13 orc knights
  A deep elf archer (Vaults:5)
  4 steelbarb worms (Spider:4)
  3 large abominations (Depths:2)
  A phantasmal warrior (Vaults:5)
  2 necromancers
  A deep elf pyromancer (Vaults:5)
  A frost giant zombie (Vaults:1)
  5 orc sorcerers (Orc:2)
  7 will-o-the-wisps
  A wolf spider (shapeshifter) (Depths:4)
  23 wolf spiders
  4 manticores
  10 moths of wrath
  15 ugly things
  A salamander (Depths:3)
  2 cyclopes
  18 vault sentinels
  4 elephants (Lair:1)
  An ice statue (D:14)
  2 torpor snails
  2 black mambas (Lair:1)
  A gargoyle (D:12)
  2 kobold demonologists (D:10)
  8 cane toads
  3 freezing wraiths
  10 komodo dragons
  6 unseen horrors
  3 rime drakes
  23 yaktaurs
  4 guardian mummies (Zot:2)
  2 tengu conjurers
  An efreet (D:15)
  2 polar bears
  5 trolls
  A queen bee (shapeshifter) (D:14)
  2 bloated husks
  3 tyrant leeches
  6 meliai
  30 tarantellas
  8 hornets
  A wind drake (shapeshifter) (Depths:4)
  Grinder (D:5)
  A glass eye (Depths:3)
  5 blink frogs (Lair:1)
  22 culicivoras
  8 spriggans
  47 slime creatures
  31 jumping spiders
  A shadow (D:10)
  3 water elementals (Depths:4)
  7 hogs (Swamp:1)
  51 yaks
  A vampire (D:11)
  10 wraiths
  3 wyverns
  6 basilisks
  60 redbacks
  2 fire elementals (Spider:2)
  8 vampire mosquitoes
  5 wargs
  3 steam dragons
  Menkaure (D:4)
  4 chaos spawn (Depths:2)
  16 swamp worms
  An acid dragon (D:11)
  2 hell hounds (Spider:2)
  17 water moccasins
  A meliai simulacrum (D:14)
  3 black bears
  37 orc warriors
  8 swamp drakes
  2 ice beasts
  4 small abominations (Depths:2)
  9 ogres
  21 wolves
  4 boggarts
  4 centaurs
  4 kobold brigands
  7 bullfrogs
  A human skeleton (Vaults:1)
  A glowing shapeshifter simulacrum (Vaults:1)
  2 scorpions
  8 wights
  11 killer bees
  3 electric eels
  8 howler monkeys
  8 jellies (Lair:3)
  25 orc priests
  8 hounds
  2 iguanas (D:6)
  4 sleepcaps
  30 orc wizards
  4 gnolls (D:4)
  8 adders
  A bombardier beetle (D:6)
  2 ufetubi (D:5)
  A worm (shapeshifter) (D:15)
  A worm (D:2)
  90 orcs
  2 bats
  15 endoplasms
  4 giant cockroaches
  6 goblins
  7 hobgoblins
  6 jackals
  6 quokkas
  7 ball pythons
  5 frilled lizards
  25 kobolds
  8 rats
  An aspiring flesh (Zot:2)
  A butterfly (Zot:2)
  2 spectral weapons
1592 creatures vanquished.

Vanquished Creatures (others)
  A goliath frog (Swamp:4)
  2 bloated husks (Swamp:2)
  2 swamp drakes
  A kobold (D:11)
  38 foxfires
44 creatures vanquished.

Grand Total: 1636 creatures vanquished

Notes
Turn   | Place    | Note
-------+----------+-------------------------------------------
     0 | D:1      | soberseth the Minotaur Fighter began the quest for the Orb.
     0 | D:1      | Reached XP level 1. HP: 19/19 MP: 0/0
    54 | D:1      | Reached XP level 2. HP: 27/27 MP: 1/1
   497 | D:2      | Reached XP level 3. HP: 33/33 MP: 2/2
   917 | D:2      | Reached XP level 4. HP: 38/40 MP: 3/3
  1477 | D:3      | Found a burning altar of Makhleb.
  1606 | D:3      | Found a glowing silver altar of Zin.
  1606 | D:3      | Noticed a balrug
  1606 | D:3      | Noticed an angel
  1747 | D:3      | Found a basalt altar of Yredelemnul.
  1773 | D:3      | Identified the +5 war axe of an ice cave {flame, Dex+2}
  1826 | D:3      | Found a white marble altar of Elyvilon.
  2057 | D:4      | Noticed a water moccasin
  2062 | D:4      | Reached XP level 5. HP: 44/47 MP: 4/4
  2065 | D:4      | Killed a water moccasin
  2066 | D:4      | Reached skill level 5 in Axes
  2091 | D:4      | Noticed an ice beast
  2095 | D:4      | Killed an ice beast
  2096 | D:4      | Reached skill level 5 in Fighting
  2096 | D:4      | Reached skill level 5 in Armour
  2096 | D:4      | Reached skill level 5 in Shields
  2096 | D:4      | Reached XP level 6. HP: 56/56 MP: 5/5
  2191 | D:4      | Found a shadowy altar of Dithmenos.
  2455 | D:4      | Noticed Menkaure
  2465 | D:4      | Killed Menkaure
  2466 | D:4      | Reached XP level 7. HP: 23/61 MP: 6/6
  2951 | D:4      | Found a hide-covered altar of Uskayaw.
  3139 | D:5      | Entered Level 5 of the Dungeon
  3330 | D:5      | Found Faisenw Udip's General Store.
  3341 | D:5      | Bought a +0 pair of gloves for 54 gold pieces
  3341 | D:5      | Bought a scroll of identify for 24 gold pieces
  3573 | D:5      | Noticed Grinder
  3583 | D:5      | Killed Grinder
  3584 | D:5      | Reached XP level 8. HP: 71/71 MP: 7/7
  5129 | D:7      | Found Cokkool's Tiny Tomes.
  5159 | D:7      | Reached XP level 9. HP: 79/79 MP: 8/8
  5455 | D:7      | Found a staircase to the Ecumenical Temple.
  5486 | Temple   | Entered the Ecumenical Temple
  5512 | Temple   | Became a worshipper of Warmaster Okawaru
  5709 | D:7      | Found Junih's Antique Weapon Boutique.
  5712 | D:7      | Found Xobej's Assorted Antiques.
  5713 | D:7      | Found Ypism's Antique Armour Boutique.
  5713 | D:7      | Found Liry's Antique Weapon Boutique.
  5729 | D:7      | Reached skill level 10 in Axes
  5859 | D:7      | Bought a cloak for 139 gold pieces
  5899 | D:7      | Identified the +3 ring mail of the Armadillo {Int+5}
  6314 | D:8      | Found a blossoming altar of Fedhas.
  6318 | D:8      | Found an ancient bone altar of Kikubaaqudgha.
  6321 | D:8      | Found a shimmering altar of Xom.
  6321 | D:8      | Found a bloodstained altar of Trog.
  6457 | D:8      | Noticed a two-headed ogre
  6464 | D:8      | Killed a two-headed ogre
  6464 | D:8      | Reached * piety under Okawaru
  7094 | D:9      | Reached XP level 10. HP: 52/90 MP: 9/9
  7094 | D:9      | Reached ** piety under Okawaru
  7611 | D:9      | Noticed a manticore
  7632 | D:9      | Killed a manticore
  7633 | D:9      | Reached skill level 1 in Invocations
  7879 | D:9      | Noticed a two-headed ogre
  7893 | D:9      | Killed a two-headed ogre
  8217 | D:10     | Entered Level 10 of the Dungeon
  8217 | D:10     | Found a snail-covered altar of Cheibriados.
  8375 | D:10     | Reached *** piety under Okawaru
  8423 | D:10     | Found a staircase to the Lair.
  8454 | Lair:1   | Entered Level 1 of the Lair of Beasts
  8577 | Lair:1   | Reached **** piety under Okawaru
  8580 | Lair:1   | Noticed a black mamba
  8581 | Lair:1   | Noticed a cane toad
  8587 | Lair:1   | Killed a black mamba
  8588 | Lair:1   | Reached XP level 11. HP: 77/99 MP: 9/12
  8723 | Lair:1   | Reached skill level 10 in Armour
  8737 | Lair:1   | Reached skill level 10 in Fighting
  8836 | Lair:1   | Reached ***** piety under Okawaru
  8837 | Lair:1   | Reached skill level 10 in Shields
  8845 | Lair:1   | Received a gift from Okawaru
  9023 | Lair:1   | Noticed a boulder beetle
  9046 | Lair:1   | Killed a boulder beetle
  9671 | D:10     | Identified a scroll of acquirement
  9671 | D:10     | Acquired the amulet "Toiwnaav" {Reflect rPois Str-2 Int-2
                  | Dex+6 SH+5}
  9864 | Lair:1   | Identified the +2 robe of the Present {rPois}
 10025 | Lair:2   | Reached XP level 12. HP: 106/110 MP: 14/14
 10065 | Lair:2   | Received a gift from Okawaru
 10280 | Lair:2   | Reached skill level 15 in Axes
 10989 | Lair:3   | Found a hole to the Spider Nest.
 11006 | Lair:3   | Found a staircase to the Swamp.
 11133 | Lair:3   | Noticed Josephine
 11145 | Lair:3   | Reached skill level 1 in Throwing
 11150 | Lair:3   | Received a gift from Okawaru
 11152 | Lair:3   | Killed Josephine
 11162 | Lair:3   | Reached skill level 5 in Invocations
 11584 | Lair:3   | Received a gift from Okawaru
 11605 | Lair:3   | Reached XP level 13. HP: 118/118 MP: 15/15
 11631 | Lair:3   | Noticed Rupert
 11727 | Lair:3   | Killed Rupert
 12958 | Lair:4   | Identified the +0 scale mail "Faseduh" {rPois rN++}
 13294 | Lair:4   | Received a gift from Okawaru
 13703 | D:11     | You fall into a shaft and drop 3 floors!
 14037 | D:13     | Found a gate to the Vaults.
 14348 | D:12     | Found a staircase to the Orcish Mines.
 14471 | D:12     | Reached skill level 5 in Throwing
 14471 | D:12     | Received a gift from Okawaru
 14513 | D:12     | Reached ****** piety under Okawaru
 14514 | D:12     | Acquired a +1 crystal plate armour
 14514 | D:12     | Received a gift from Okawaru
 14558 | D:12     | Found a runed translucent door.
 14558 | D:12     | Found a runed translucent door.
 14559 | D:12     | Noticed a tengu reaver
 14561 | D:12     | Noticed a lich
 14561 | D:12     | Noticed Pinaterr's ghost (novice MiFi)
 14655 | D:12     | Found a gate leading to a gauntlet.
 15122 | D:11     | Reached XP level 14. HP: 123/129 MP: 16/16
 15378 | D:11     | Received a gift from Okawaru
 16185 | D:12     | Acquired the +12 broad axe of Dacitolo {flame, rElec Str-4
                  | Dex+3 SInv}
 16185 | D:12     | Received a gift from Okawaru
 16302 | D:14     | Found an opulent altar of Gozag.
 16865 | D:14     | Reached XP level 15. HP: 139/139 MP: 17/17
 16870 | D:15     | Entered Level 15 of the Dungeon
 16906 | D:15     | Received a gift from Okawaru
 16951 | D:15     | Found a white marble altar of Elyvilon.
 16996 | D:15     | Found Jegh's Weapon Emporium.
 17300 | D:15     | Found a staircase to the Depths.
 17753 | Orc:1    | Entered Level 1 of the Orcish Mines
 17797 | Orc:1    | Reached skill level 15 in Fighting
 18261 | Orc:2    | Entered Level 2 of the Orcish Mines
 18502 | Orc:1    | Reached skill level 15 in Armour
 18805 | Orc:2    | Reached skill level 15 in Shields
 18826 | Orc:2    | Received a gift from Okawaru
 19097 | Orc:2    | Found Izaon's General Store.
 19098 | Orc:2    | Found Wammudgh's Jewellery Shop.
 19100 | Orc:2    | Found Ikeovo's Antique Armour Shop.
 19100 | Orc:2    | Found Vitotis's Antique Weapon Boutique.
 19469 | Orc:2    | Found a staircase to the Elven Halls.
 20425 | Swamp:1  | Entered Level 1 of the Swamp
 20657 | Orc:2    | Bought a ring of flight for 245 gold pieces
 20657 | Orc:2    | Bought a ring of resist corrosion for 280 gold pieces
 20955 | Swamp:1  | Identified the serpent talisman of Jigsaw {Fly}
 20955 | Swamp:1  | Noticed Aizul
 20981 | Swamp:1  | HP: 6/143 [poisoned by Aizul (poison arrow)]
 20983 | Swamp:1  | HP: 1/143 [Aizul (11)]
 21003 | Lair:3   | Killed Aizul
 21531 | Swamp:1  | Reached skill level 1 in Dodging
 21767 | Swamp:1  | Noticed Kirke
 21785 | Swamp:1  | Killed Kirke
 21786 | Swamp:1  | Reached XP level 16. HP: 151/151 MP: 15/18
 21829 | Swamp:1  | Identified the +2 scimitar of the Blessed Realm {antimagic,
                  | *Rage ^Drain Will+ Dex+8}
 22004 | Swamp:1  | Identified the serpent talisman of Vemob {Fly}
 22444 | Swamp:2  | Received a gift from Okawaru
 22531 | Swamp:2  | Acquired the ring "Ciedowko" {rElec rC++ MP+9 Int-5 SInv}
 22663 | Swamp:3  | Noticed a tentacled monstrosity
 22673 | Swamp:3  | Killed a tentacled monstrosity
 23073 | Swamp:3  | Received a gift from Okawaru
 23563 | Swamp:4  | Entered Level 4 of the Swamp
 23743 | Swamp:4  | Noticed a thorn hunter
 23795 | Swamp:3  | Killed a thorn hunter
 23901 | Swamp:4  | Noticed a thorn hunter
 23909 | Swamp:4  | Killed a thorn hunter
 24186 | Swamp:3  | Received a gift from Okawaru
 24216 | Swamp:3  | Reached skill level 5 in Dodging
 25020 | Swamp:4  | Got a decaying rune of Zot
 25460 | Spider:1 | Entered Level 1 of the Spider Nest
 25597 | Spider:1 | Reached XP level 17. HP: 160/160 MP: 21/21
 25695 | Spider:1 | Received a gift from Okawaru
 26625 | Spider:2 | Received a gift from Okawaru
 27064 | Spider:2 | Noticed Azrael
 27080 | Spider:2 | Killed Azrael
 27689 | Spider:3 | Noticed Arachne
 27712 | Spider:3 | Killed Arachne
 28343 | Spider:3 | Received a gift from Okawaru
 29265 | Spider:4 | Entered Level 4 of the Spider Nest
 29897 | Spider:4 | Received a gift from Okawaru
 30323 | Spider:4 | Reached XP level 18. HP: 172/172 MP: 24/24
 30369 | Spider:4 | Received a gift from Okawaru
 31222 | Spider:4 | Identified the +1 hat "Tuuh Jyi" {Dex+7 Stlth+}
 31236 | Spider:4 | Reached skill level 10 in Throwing
 31241 | Spider:4 | Identified the +0 pair of gloves of Osueme Core {^Drain
                  | rPois Dex+2}
 31245 | Spider:4 | Got a gossamer rune of Zot
 32590 | Vaults:1 | Entered Level 1 of the Vaults
 32606 | Vaults:1 | Reached skill level 10 in Invocations
 32870 | Vaults:1 | Received a gift from Okawaru
 33938 | Vaults:1 | Found Kocku's Weapon Shop.
 34048 | Vaults:2 | Found Gexa's Antique Armour Emporium.
 34059 | Vaults:2 | Noticed Asterion
 34069 | Vaults:2 | Killed Asterion
 34443 | Vaults:2 | Paralysed by a sphinx for 3 turns
 34660 | Vaults:1 | Reached XP level 19. HP: 70/183 MP: 26/26
 34905 | Vaults:2 | Noticed Xtahua
 34908 | Arena    | Entered the Arena
 34923 | Arena    | Killed Xtahua
 34947 | Vaults:2 | Received a gift from Okawaru
 35499 | Vaults:2 | Found Cebiavia's Weapon Shop.
 35499 | Vaults:2 | Noticed Bai Suzhen
 35510 | Vaults:2 | Killed Bai Suzhen
 35663 | Vaults:2 | Identified the +0 helmet "Ozeesyus" {Str+3}
 36012 | Vaults:2 | Found a staircase to the Crypt.
 36818 | Vaults:4 | Identified the +4 glaive of Fortitude {chaos, +Blink rF-
                  | rC+}
 36872 | Vaults:4 | Found Huases's Assorted Antiques.
 37423 | Vaults:4 | Received a gift from Okawaru
 37480 | Vaults:5 | Entered Level 5 of the Vaults
 37480 | Vaults:5 | Noticed a golden dragon
 37708 | Vaults:5 | Reached XP level 20. HP: 195/195 MP: 26/28
 37724 | Vaults:5 | Killed a golden dragon
 37910 | Vaults:5 | Paralysed by a sphinx for 5 turns
 37932 | Vaults:5 | Received a gift from Okawaru
 38482 | Vaults:5 | Noticed a dread lich
 38485 | Vaults:5 | Noticed a golden dragon
 38491 | Vaults:5 | Paralysed by a dread lich for 4 turns
 38506 | Vaults:5 | Killed a dread lich
 38540 | Vaults:5 | Killed a golden dragon
 38939 | Vaults:5 | Identified the +7 orcbow "Weqal" {flame, rElec rF+}
 38992 | Vaults:5 | Noticed an ancient lich
 38992 | Vaults:5 | Identified the +8 falchion of Qexenet {heavy, *Noise Str+3
                  | Int+6 Dex+2}
 39012 | Vaults:5 | Killed an ancient lich
 39012 | Vaults:5 | Received a gift from Okawaru
 39174 | Vaults:5 | Got the Lessons on the Sizzling Geodesic
 39188 | Vaults:5 | Got the Quarto of Sparks
 39354 | Vaults:5 | Noticed a golden dragon
 39366 | Vaults:5 | Killed a golden dragon
 39948 | Vaults:5 | Noticed a dread lich
 39975 | Vaults:5 | Killed a dread lich
 40122 | Vaults:5 | Identified the staff of Reason {rElec rF+ Dex+3 Fire}
 40187 | Vaults:5 | Identified the ring of Hetidwyr {Ice Fly rPois Will+++
                  | Dex-5}
 40195 | Vaults:5 | Identified the +9 longbow of Karma {flame, Int+5}
 40201 | Vaults:5 | Got a silver rune of Zot
 40206 | Vaults:5 | Identified the staff "Fish" {Dex+5 Conj}
 40242 | Vaults:5 | Identified the +5 rapier "Wuulapt" {pain, rF+ Str+3 Int+5}
 40670 | Vaults:5 | Reached XP level 21. HP: 205/207 MP: 27/29
 41125 | Vaults:3 | Received a gift from Okawaru
 42749 | Depths:1 | Entered Level 1 of the Depths
 42815 | Depths:1 | Noticed Sojobo
 42824 | Depths:1 | Paralysed by an air elemental for 1 turns
 42830 | Depths:1 | Paralysed by an air elemental for 1 turns
 42845 | Depths:1 | Killed Sojobo
 42857 | Depths:1 | HP: 9/209 [fire dragon/blast of flame (13)]
 43472 | Depths:1 | Found a gateway to Hell.
 43473 | Depths:1 | Found a stormy altar of Qazlal.
 43549 | Depths:1 | Received a gift from Okawaru
 43708 | Depths:1 | Noticed Mara
 43724 | Depths:1 | Killed Mara
 43815 | Depths:1 | Noticed Norris
 43840 | Depths:1 | Killed Norris
 44274 | Depths:2 | Found a one-way gate to the infinite horrors of the Abyss.
 45093 | Depths:2 | Received a gift from Okawaru
 46303 | Depths:3 | Identified the ring "Ilismoar" {rPois rF+ Will++ AC+4}
 46477 | Depths:3 | Received a gift from Okawaru
 46480 | Depths:3 | Reached XP level 22. HP: 211/222 MP: 30/30
 46635 | Depths:3 | Found a one-way gateway to a ziggurat.
 47093 | Depths:3 | Found a one-way gate leading to the halls of Pandemonium.
 47567 | Depths:3 | Received a gift from Okawaru
 48071 | Depths:4 | Entered Level 4 of the Depths
 48284 | Depths:4 | Identified the +5 scale mail of Vehumet, Supporting {rPois}
 48852 | Depths:4 | Noticed a golden dragon
 48855 | Depths:4 | Found an iron altar of Okawaru.
 48862 | Depths:4 | Killed a golden dragon
 48956 | Depths:4 | Noticed a caustic shrike
 48956 | Depths:4 | Noticed a caustic shrike
 48957 | Depths:4 | Noticed a caustic shrike
 48964 | Depths:4 | Killed a caustic shrike
 48967 | Depths:4 | Killed a caustic shrike
 48975 | Depths:4 | Killed a caustic shrike
 49157 | Depths:4 | Noticed a golden dragon
 49170 | Depths:4 | Killed a golden dragon
 49188 | Depths:4 | Noticed a golden dragon
 49201 | Depths:4 | Killed a golden dragon
 49414 | Depths:4 | Found a gate to the Realm of Zot.
 49437 | Zot:1    | Entered Level 1 of the Realm of Zot
 50320 | Zot:1    | Noticed a curse toe
 50340 | Zot:1    | Killed a curse toe
 50340 | Zot:1    | Received a gift from Okawaru
 50584 | Zot:1    | Noticed a golden dragon
 50595 | Zot:1    | Killed a golden dragon
 50882 | Zot:1    | Noticed an ancient lich
 50883 | Zot:1    | Found a transporter.
 50927 | Zot:1    | Noticed Covvyleb's ghost (veteran DrIE)
 50943 | Zot:1    | Found a transporter.
 50946 | Zot:1    | Noticed a dread lich
 51231 | Zot:2    | Noticed a golden dragon
 51253 | Zot:2    | Killed a golden dragon
 51392 | Zot:2    | Reached XP level 23. HP: 160/232 MP: 31/31
 51566 | Zot:2    | Got the Folio of the Icicle
 51657 | Zot:2    | Found a large runed translucent door.
 51675 | Zot:2    | Found a large runed translucent door.
 51676 | Zot:2    | Found a large runed translucent door.
 51676 | Zot:2    | Identified the +9 great sword of Immorality {chaos, rPois
                  | Will+}
 51676 | Zot:2    | Identified the +6 scale mail of Ashenzari's Delight {*Slow
                  | rN++ rCorr}
 51677 | Zot:2    | Found a large runed translucent door.
 51677 | Zot:2    | Found a shimmering altar of Xom.
 51678 | Zot:2    | Found a large runed translucent door.
 51678 | Zot:2    | Found a large runed translucent door.
 51679 | Zot:2    | Noticed a Killer Klown
 51685 | Zot:2    | Noticed a Killer Klown
 51693 | Zot:2    | Identified the +5 battleaxe of Painful Death {chaos,
                  | Will+++ rCorr Str-2 Int-3}
 51693 | Zot:2    | Identified the +3 chain mail "Isie" {rF+ rCorr}
 51705 | Zot:2    | Noticed a Killer Klown
 51706 | Zot:2    | Noticed a Killer Klown
 51714 | Zot:2    | Killed a Killer Klown
 51720 | Zot:2    | Killed a Killer Klown
 51722 | Zot:2    | Killed a Killer Klown
 51722 | Zot:2    | Received a gift from Okawaru
 51731 | Zot:2    | Found a large runed translucent door.
 51732 | Zot:2    | Found a large runed translucent door.
 51734 | Zot:2    | Identified the +2 hand cannon of Fate {chaos, Stlth+}
 51734 | Zot:2    | Identified the +3 dire flail of Calculation {chaos, Str+3}
 51734 | Zot:2    | Identified the +1 robe "Trusted Companion" {Will- rCorr
                  | Archmagi}
 51736 | Zot:2    | Identified the +9 dire flail of the Rattlesnake {chaos,
                  | rN+}
 51736 | Zot:2    | Identified the +5 hand cannon "Beetleslayer" {chaos, Fly
                  | rElec rPois rCorr}
 51736 | Zot:2    | Identified the +1 robe "Dico" {Int+2}
 51738 | Zot:2    | Noticed a Killer Klown
 51908 | Zot:2    | Killed a Killer Klown
 52111 | Zot:2    | Killed a Killer Klown
 52184 | Zot:2    | Noticed an orb of fire
 52201 | Zot:2    | Gained mutation: Potions are less effective at restoring
                  | your health. [an orb of fire]
 52205 | Zot:2    | Killed from afar by an orb of fire

Illustrated notes

Levels and vault maps discovered:
D:1:      heliophobic_arrival_battle_scene, layout_rooms
D:2:      layout_basic, kennysheep_decorative_pillar
D:3:      layout_rooms, grunt_temple_overflow_order_and_chaos_2,
          kennysheep_ying_yang
D:4:      layout_loops_ring, mainiacjoe_overflow_swirl, uniq_menkaure
D:5:      layout_layer_cave, serial_shops, shop, patterned_corridor,
          uniq_grinder
D:6:      layout_cave_pods
D:7:      layout_loops_corners, minmay_temple_entry_slanted,
          minmay_shop_grid_forest, nicolae_shop_i_like_small_books_too
D:8:      layout_gridville, grunt_temple_overflow_open
D:9:      layout_stronghold
D:10:     layout_gridville, cheibriados_altar_1, lair_entry_dummy
D:11:     layout_basic
D:12:     layout_roguey, minmay_orc_entry_temple_small,
          muffindrake_ghost_dual_entry, gauntlet_entry_generic
D:13:     layout_loops_ring, hellmonk_vaults_attempted_burglary
D:14:     layout_roguey, portal_ice_cave_entry_ice_statue_one,
          nicolae_gozag_cash_rules_everything_around_me
D:15:     grunt_enter_depths_hoard, layout_loops_ring, serial_bayou_ford_a,
          serial_shops, nicolae_shop_getting_attention, drop_trap,
          elyvilon_altar_4
Temple:   chequers_temple_sunken
Lair:1:   layout_big_grid, eino_small_chamber_without_monster,
          nzn_sisyphean_effort, grunt_megastairs_1
Lair:2:   layout_loops_ring
Lair:3:   lemuel_slime, layout_loops_ring, skrybe_swamp_entry_bodies,
          nicolae_spider_entry_orb_guardian, grunt_megastairs_2,
          lemuel_fruit_fields, infiniplex_staircase_pool_2, uniq_rupert,
          uniq_josephine
Lair:4:   layout_gridlike
Swamp:1:  layout_basic_swamp, evilmike_swamp_ruin_house_3, swamp_pool_1_2,
          uniq_kirke, uniq_aizul
Swamp:2:  layout_basic_swamp, evilmike_swamp_ruin_rubble_1, swamp_pool_4
Swamp:3:  layout_basic_swamp, nicolae_swamp_little_swirl, swamp_pool_1_2
Swamp:4:  swamp_alternative, layout_basic_swamp, swamp_pool_5
Spider:1: layout_spider_delve
Spider:2: layout_chambers, nicolae_spider_cling_halls, uniq_azrael
Spider:3: layout_chambers, drop_trap, spiders_nest_the_unseen,
          hangedman_spider_tarantella_strand, uniq_arachne
Spider:4: grunt_spider_rune_circles, nicolae_spider_eight_legs
Orc:1:    layout_caves, nooodl_orcs_dogs
Orc:2:    st_orc_congregation, layout_diamond_mine, mines2_david
Vaults:1: nicolae_vaults_circle_grid_b, nicolae_vaults_turnstiles,
          v_alt_pattern_3, nicolae_vaults_circle_grid_a, hangedman_vaults_slice,
          serial_ice_g, vaults_room_fours, v_misc_13,
          vaults_dpeg_emergency_exit, vaults_room_hallway,
          nicolae_vaults_taking_the_gang_shopping, layout_vaults_big_room
Vaults:2: nicolae_vaults_crenellated_ambush, v_misc_28, vaults_room_door_ring,
          nicolae_vaults_trapezoid_3, nicolae_vaults_puzzle_piece,
          vaults_dpeg_encased_lava, minmay_crypt_entry_simple_walls,
          hangedman_vaults_stream, nicolae_vaults_storage_closets_3,
          hangedman_vaults_capsules, nicolae_vaults_circle_grid_b,
          nicolae_vaults_little_ls, layout_vaults_maze_snakey, serial_shops,
          shop, nicolae_shop_overgrown_old_shop, uniq_bai_suzhen, uniq_asterion,
          uniq_xtahua
Vaults:3: hangedman_vaults_impose, v_misc_5, hangedman_vaults_nails,
          ontoclasm_vaults_ring_small, ontoclasm_vaults_idyll,
          nicolae_vaults_tetromino_T_1, v_misc_10,
          nicolae_vaults_yaktaur_gun_rack, nicolae_vaults_security_offices_2,
          nicolae_vaults_house_2, layout_vaults_omnigrid
Vaults:4: nicolae_vaults_trapezoid_lopsided_4, nicolae_vaults_two_Ls, v_misc_26,
          v_misc_5, v_misc_30, serial_ice_g, nicolae_vaults_double_plus_2,
          ontoclasm_vaults_shuriken, nicolae_vaults_mitosis,
          nicolae_vaults_tetromino_T_2, ontoclasm_vaults_gateway,
          vaults_room_door_hall, nicolae_vaults_shipping_containers_5,
          v_pattern_2, layout_vaults_ring, serial_shops, shop_fountains
Vaults:5
Depths:1: layout_basic, hell_entry, hangedman_decor_opposing, mu_enter_wizlab_7,
          grunt_qazlal_clouds, uniq_mara, uniq_norris, uniq_sojobo
Depths:2: impenetrable_vault, layout_small_grid, serial_co_window_serial,
          co_window_of_opportunity_a, co_window_paths_b, co_window_corner_a,
          co_window_of_opportunity_a, co_window_paths_b,
          co_window_of_opportunity_a, co_window_paths_a, co_window_paths_a,
          co_window_of_opportunity_a, co_window_unsneaky_path_c,
          co_window_unsneaky_path_e, co_window_broadway_c, co_window_4corner_b,
          hell_entry, minmay_room_of_horrors, pan_entry,
          minmay_staircase_windowed_large
Depths:3: kennysheep_scales, layout_cave_pools, enter_ziggurat_f,
          serial_library_hellmonk_filled_rooms, serial_co_window_serial,
          co_window_paths_b, co_window_paths_a, co_window_paths_a,
          co_window_corner_a, co_window_paths_b, co_window_of_opportunity_b,
          co_window_2corner, co_window_unsneaky_path_e,
          co_window_unsneaky_path_b, co_window_corner_b,
          co_window_unsneaky_path_a, glass_columns_b, grunt_pan_entry_zigzag,
          pf_hell_entry_tar_river, abyss_entry_crystal,
          infiniplex_staircase_spiral
Depths:4: grunt_twist_and_shout, layout_gridlike, grunt_hell_entry_dis_mu,
          kennysheep_okawaru_gauntlet
Zot:1:    layout_misc_corridors, gammafunk_ghost_mausoleum
Zot:2:    layout_basic, hangedman_xom_zot_hilarity
Zot:3:    layout_concentric_octagons, uniq_josephina

Skill      XL: |  1  2  3  4  5  6  7  8  9 10 11 12 13 14 15 16 17 18 19 20 21 22 |
---------------+-------------------------------------------------------------------+-----
Axes           | 3 4 5 6 7 9 11 12 14 16 17 18 19 | 19.7
Fighting       | 4 5 6 7 8 9 11 12 13 14 15 16 18 19 20 22 23 24 | 24.9
Armour         | 4 5 6 7 8 9 11 12 13 14 15 16 17 19 20 22 23 24 | 24.7
Shields        | 4 5 6 7 8 9 10 12 13 14 15 16 17 19 20 22 23 24 | 24.7
Invocations    | 3 4 5 7 9 11 12 | 12.0
Throwing       | 2 5 7 9 10 | 10.0
Dodging        | 1 5 |  5.0

Action                     |  1- 3 |  4- 6 |  7- 9 | 10-12 | 13-15 | 16-18 | 19-21 | 22-24 || total
---------------------------+-------+-------+-------+-------+-------+-------+-------+-------++-------
  Melee: War axe           |    77 |    60 |   193 |   396 |   321 |       |       |       ||  1047
         Headbutt          |     6 |     9 |    30 |    83 |   166 |   351 |   383 |   234 ||  1262
         Broad axe         |       |       |       |       |   395 |  1275 |  1257 |   738 ||  3665
  Throw: Javelin           |       |       |       |       |     2 |       |       |       ||     2
 Invoke: Heroism           |       |       |       |     7 |    13 |    17 |    22 |    10 ||    69
         Receive Armour    |       |       |       |       |     1 |       |       |       ||     1
         Receive Weapon    |       |       |       |       |     1 |       |       |       ||     1
         Finesse           |       |       |       |       |       |     6 |    11 |     2 ||    19
         Duel              |       |       |       |       |       |       |     1 |       ||     1
    Use: Scroll            |       |       |     6 |    18 |    14 |     5 |     2 |     1 ||    46
         Potion            |       |       |       |     1 |    15 |     8 |     3 |       ||    27
 Armour: Scale mail        |    44 |    32 |   115 |       |       |       |       |       ||   191
         Ring mail         |       |       |    25 |   150 |    60 |       |       |       ||   235
         Crystal plate arm |       |       |       |       |   235 |   800 |   673 |   391 ||  2099
         Skin              |       |       |       |       |       |       |     9 |       ||     9
  Dodge: Dodged            |    36 |    23 |    86 |   264 |   263 |   354 |   146 |    83 ||  1255
  Block: Buckler           |    17 |     9 |    52 |   166 |   368 |   245 |       |       ||   857
         Reflection        |       |       |       |       |    27 |    23 |    66 |    22 ||   138
         Tower shield      |       |       |       |       |       |  1188 |  1451 |   792 ||  3431

Table legend: (Time is in decaauts)
 A = Elapsed time spent in this place.
 B = Non-inter-level travel time spent in this place.
 C = Inter-level travel time spent in this place.
 D = Time resting spent in this place.
 E = Time spent auto-exploring this place.
 F = Levels seen in this place.
 G = Mean time per level.
                   A        B        C        D        E       F      G
               +--------+--------+--------+--------+--------+-----+--------+
         Total |  51486 |  47596 |   3890 |   9527 |  28451 |  43 | 1197.3 |
       Dungeon |  14612 |  12882 |   1730 |   1509 |   9049 |  15 |  974.1 |
        Temple |     57 |      3 |     54 |      0 |      0 |   1 |   57.0 |
          Lair |   6476 |   5491 |    985 |   1836 |   2483 |   4 | 1619.0 |
         Swamp |   4146 |   3985 |    161 |    958 |   2226 |   4 | 1036.5 |
   Spider Nest |   5985 |   5736 |    249 |   1143 |   3580 |   4 | 1496.2 |
  Orcish Mines |   2250 |   1960 |    290 |    311 |   1103 |   2 | 1125.0 |
        Vaults |   9352 |   9080 |    272 |   1904 |   5206 |   5 | 1870.4 |
        Depths |   6281 |   6179 |    102 |    867 |   4225 |   4 | 1570.2 |
           Zot |   2303 |   2260 |     43 |    988 |    577 |   3 |  767.7 |
         Arena |     20 |     20 |      0 |     10 |      0 |   1 |   20.0 |
               +--------+--------+--------+--------+--------+-----+--------+

Top non-repeatable levels by time:
Vaults:5: 3237 daAuts
  Lair:3: 3057 daAuts
Depths:3: 2240 daAuts
Spider:4: 2109 daAuts
Spider:3: 1832 daAuts
Vaults:1: 1788 daAuts
Depths:2: 1743 daAuts
   Orc:2: 1490 daAuts
Vaults:2: 1489 daAuts
    D:15: 1425 daAuts
Vaults:4: 1422 daAuts
Vaults:3: 1414 daAuts
    D:13: 1412 daAuts
Depths:4: 1368 daAuts
 Swamp:4: 1364 daAuts
